 Dungeon Crawl Stone Soup version 0.26.0-10-g1f06aea511 (webtiles) character file.

Game seed: 15337884515739240078

2563251 mopl the Spry (level 27, 266/266 HPs)
             Began as a Naga Delver on Jan 23, 2021.
             Was the Champion of Cheibriados.
             Escaped with the Orb
             ... and 4 runes on Jan 25, 2021!
             The game lasted 02:40:41 (65763 turns).

mopl the Spry (Naga Delver)                        Turns: 65763, Time: 02:40:42

Health: 266/266    AC: 62    Str: 39    XL:     27
Magic:  41/42      EV: 31    Int: 30    God:    Cheibriados [******]
Gold:   4698       SH: 19    Dex: 33    Spells: 31/43 levels left

rFire    + + +     SeeInvis +   b - +9 broad axe (vamp)
rCold    + + +     Faith    .   G - +2 shield of Resistance {rF++ rC++ Will++}
rNeg     + + .     Spirit   .   J - +12 gold dragon scales
rPois    +         Reflect  .   n - +4 helmet of Tiocrile {rF+ MP+9}
rElec    +         Harm     .   O - +4 dragonskin cloak
rCorr    .         Rampage  .   j - +0 pair of gloves (curse)
Will     +++++                  F - +3 barding {rF+}
Stlth    +.........             U - amulet of the Air {Inacc +Fly rElec EV+5 RMsl}
HPRegen  0.54/turn              t - ring of Megalomania {rElec rN+ Str+4 Dex+2}
MPRegen  0.28/turn              Y - +4 ring of evasion

@: repel missiles, very slow
A: large, molten scales 1, see invisible, agile 1, deformed body, dopey 1, low
mp 1, poison resistance, slowness 2, inhibited regeneration, spit poison 2,
constrict 1, AC +9
0: Orb of Zot
}: 4/15 runes: barnacled, slimy, silver, gossamer
a: Breathe Poison Gas, Breathe Poison Gas, Renounce Religion, Evoke Flight, Bend
Time, Temporal Distortion, Slouch, Step From Time


You escaped.
You worshipped Cheibriados.
Cheibriados was exalted by your worship.
You visited 13 branches of the dungeon, and saw 59 of its levels.
You visited 1 ziggurat, and saw 9 of its levels.
You also visited: Bailey, Gauntlet, Ice Cave and Volcano.

You collected 11639 gold pieces.
You spent 6941 gold pieces at shops.

Inventory:

Hand Weapons
 a - a +9 vorpal broad axe
 b - a +9 vampiric broad axe (weapon)
 d - a +9 broad axe of venom
Missiles
 e - 28 boomerangs of dispersal
 p - 111 boomerangs
 u - 11 throwing nets
 v - 107 javelins (quivered)
 B - 43 atropa-tipped darts
 V - 70 silver javelins
Armour
 j - a cursed +0 pair of gloves (worn)
 n - the +4 helmet of Tiocrile (worn) {rF+ MP+9}
   (You found it in a Gauntlet)

   It protects you from fire.
   It affects your magic capacity (+9).
 F - a +3 barding of fire resistance (worn)
 G - the +2 shield of Resistance (worn) {rF++ rC++ Will++}
   (You bought it in a shop on level 2 of the Elven Halls)

   It greatly protects you from fire.
   It greatly protects you from cold.
   It affects your willpower, your defense against some magical effects.
 J - +12 gold dragon scales (worn)
 O - the +4 dragonskin cloak (worn)
   (You took it off Tiamat on level 3 of the Realm of Zot)
Jewellery
 t - the ring of Megalomania (left hand) {rElec rN+ Str+4 Dex+2}
   (You took it off a mummy priest on level 3 of the Crypt)

   [ring of positive energy]

   It affects your strength (+4).
   It affects your dexterity (+2).
   It insulates you from electricity.
   It protects you from negative energy.
 U - the amulet of the Air (around neck) {Inacc +Fly rElec EV+5 RMsl}
   (You bought it in a shop on level 2 of the Shoals)

   [amulet of inaccuracy]

   It reduces the accuracy of all your attacks.
   It affects your evasion (+5).
   It insulates you from electricity.
   It lets you fly.
   It protects you from missiles.
 Y - a +4 ring of evasion (right hand)
Wands
 g - a wand of digging (24)
 i - a wand of paralysis (19)
 q - a wand of enslavement (33)
 w - a wand of acid (31)
 K - a wand of iceblast (43)
 X - a wand of polymorph (33)
Scrolls
 c - 6 scrolls of fog
 k - 3 scrolls of silence {!r}
 r - 33 scrolls of remove curse
 s - 9 scrolls of holy word
 y - 22 scrolls of magic mapping
 E - 2 scrolls of enchant weapon
 I - 10 scrolls of blinking
 M - 8 scrolls of summoning
 P - 13 scrolls of fear
 Q - 32 scrolls of teleportation
 R - 6 scrolls of vulnerability
 S - 16 scrolls of identify
Potions
 h - 14 potions of ambrosia
 l - 12 potions of brilliance
 o - 36 potions of curing
 x - 14 potions of heal wounds
 A - 5 potions of might
 H - 4 potions of cancellation
 L - 5 potions of resistance
 N - 9 potions of magic
 W - 3 potions of mutation {!q}
 Z - 6 potions of invisibility
Miscellaneous
 f - a lightning rod (4/4)
 m - a phantom mirror
 z - a condenser vane
 C - a tin of tremorstones (2/2)
 D - a phial of floods
 T - a box of beasts


   Skills:
 + Level 19.6 Fighting
 - Level 4.3 Long Blades
 - Level 18.0 Axes
 - Level 17.6 Throwing
 + Level 17.7 Armour
 - Level 20.5 Dodging
 - Level 20.4 Stealth
 + Level 13.3 Shields
 + Level 8.9 Spellcasting
 + Level 8.0 Necromancy
 - Level 10.5 Translocations
 + Level 9.3 Transmutations
 + Level 9.3 Earth Magic
 - Level 20.0 Invocations
 + Level 18.6 Evocations


You had 31 spell levels left.
You knew the following spells:

 Your Spells              Type           Power        Failure   Level
a - Borgnjor's Vile Clut  Necr/Erth      30%          22%         5
c - Lesser Beckoning      Tloc           33%          1%          3
e - Blink                 Tloc           N/A          1%          2
p - Passwall              Tmut/Erth      51%          1%          2

Your spell library contained the following spells:

 Spells                   Type           Power        Failure   Level
 Animate Skeleton         Necr           100%         1%          1
 Pain                     Necr           100%         1%          1
 Sandblast                Erth           100%         1%          1
 Sublimation of Blood     Necr           29%          1%          2
 Gell's Gravitas          Tloc           33%          1%          3
 Teleport Other           Tloc           66%          1%          3
 Vampiric Draining        Necr           29%          3%          3
 Passage of Golubria      Tloc           N/A          3%          4
 Petrify                  Tmut/Erth      62%          6%          4
 Corpse Rot               Necr/Air       N/A          8%          2
 Portal Projectile        Hex/Tloc       88%          10%         3
 Animate Dead             Necr           29%          10%         4
 Dispel Undead            Necr           58%          10%         4
 Stone Arrow              Conj/Erth      82%          12%         3
 Lee's Rapid Deconstruct  Erth           31%          17%         5
 Ignite Poison            Fire/Tmut/Pois 32%          22%         3
 Corona                   Hex            14%          28%         1
 Foxfire                  Conj/Fire      52%          28%         1
 Freeze                   Ice            52%          28%         1
 Magic Dart               Conj           52%          28%         1
 Shock                    Conj/Air       52%          28%         1
 Summon Small Mammal      Summ           52%          28%         1
 Agony                    Necr           58%          28%         5
 Excruciating Wounds      Necr           29%          28%         5
 Iskenderun's Mystic Bla  Conj/Tloc      44%          32%         4
 Call Imp                 Summ           13%          38%         2
 Ensorcelled Hibernation  Hex/Ice        26%          38%         2
 Poisonous Vapours        Pois/Air       26%          38%         2
 Searing Ray              Conj           26%          38%         2
 Slow                     Hex            13%          38%         2
 Swiftness                Air            13%          38%         2
 Ice Form                 Ice/Tmut       41%          38%         4
 Leda's Liquefaction      Hex/Erth       20%          38%         4
 Call Canine Familiar     Summ           13%          63%         3
 Confusing Touch          Hex            13%          63%         3
 Conjure Flame            Conj/Fire      13%          63%         3
 Dazzling Flash           Conj/Hex       26%          63%         3
 Frozen Ramparts          Ice            26%          63%         3
 Inner Flame              Hex/Fire       13%          63%         3
 Mephitic Cloud           Conj/Pois/Air  13%          63%         3
 Ozocubu's Armour         Ice            13%          63%         3
 Static Discharge         Conj/Air       13%          63%         3
 Summon Guardian Golem    Hex/Summ       13%          63%         3
 Tukima's Dance           Hex            13%          63%         3
 Summon Forest            Summ/Tloc      22%          65%         5
 Hydra Form               Tmut           31%          67%         6
 Statue Form              Tmut/Erth      41%          67%         6
 Alistair's Intoxication  Tmut/Pois      27%          75%         5
 Irradiate                Conj/Tmut      20%          75%         5
 Yara's Violent Unravell  Hex/Tmut       20%          75%         5
 Death Channel            Necr           29%          83%         6
 Bolt of Magma            Conj/Fire/Erth 16%          91%         5
 Airstrike                Air            6%           95%         4
 Cause Fear               Hex            6%           95%         4
 Fulminant Prism          Conj/Hex       6%           95%         4
 Hailstorm                Conj/Ice       13%          95%         4
 Sticky Flame             Conj/Fire      13%          95%         4
 Summon Ice Beast         Ice/Summ       13%          95%         4
 Summon Lightning Spire   Summ/Air       13%          95%         4
 Eringya's Noxious Bog    Tmut/Pois      20%          99%         6
 Iron Shot                Conj/Erth      20%          99%         6
 Dragon Form              Tmut           31%          99%         7
 Fireball                 Conj/Fire      6%           100%        5
 Iskenderun's Battlesphe  Conj           13%          100%        5
 Lightning Bolt           Conj/Air       6%           100%        5
 Metabolic Englaciation   Hex/Ice        6%           100%        5
 Silence                  Hex/Air        6%           100%        5
 Summon Demon             Summ           6%           100%        5
 Summon Mana Viper        Hex/Summ       13%          100%        5
 Conjure Ball Lightning   Conj/Air       6%           100%        6
 Freezing Cloud           Conj/Ice/Air   6%           100%        6
 Invisibility             Hex            13%          100%        6
 Ozocubu's Refrigeration  Ice            6%           100%        6
 Shadow Creatures         Summ           N/A          100%        6
 Simulacrum               Ice/Necr       18%          100%        6
 Starburst                Conj/Fire      6%           100%        6
 Haunt                    Necr/Summ      18%          100%        7
 Orb of Destruction       Conj           6%           100%        7
 Spellforged Servitor     Conj/Summ      6%           100%        7
 Summon Hydra             Summ           6%           100%        7
 Borgnjor's Revivificati  Necr           29%          100%        8
 Ignition                 Fire           6%           100%        8
 Infestation              Necr           29%          100%        8
 Necromutation            Tmut/Necr      30%          100%        8
 Death's Door             Necr           29%          100%        9
 Dragon's Call            Summ           6%           100%        9
 Shatter                  Erth           31%          100%        9
 Tornado                  Air            6%           100%        9


Dungeon Overview and Level Annotations

Branches:
Dungeon (15/15)            Temple (1/1) D:6            Lair (6/6) D:9
 Shoals (4/4) Lair:4       Spider (4/4) Lair:3        Slime (5/5) Lair:5
    Orc (2/2) D:11            Elf (3/3) Orc:2        Vaults (5/5) D:13
  Crypt (3/3) Vaults:2       Tomb (0/3) Crypt:3      Depths (5/5) D:15
   Hell (visited)             Zot (5/5) Depths:5     Bailey (visited)
  IceCv (visited)         Volcano (visited)         Gauntlet (visited)
    Dis: Hell:1         Geh: Hell:1         Coc: Hell:1         Tar: Hell:1

Altars:
Ashenzari
Cheibriados
Dithmenos
Elyvilon
Fedhas
Gozag
Hepliaklqana
Kikubaaqudgha
Makhleb
Nemelex Xobeh
Okawaru
Qazlal
Ru
Sif Muna
Trog
Uskayaw
Vehumet
Wu Jian
Xom
Yredelemnul
Zin
The Shining One
Beogh
Jiyva
Lugonu

Shops:
D:5 [   D:8 *   Orc:2 :**}   Elf:2 *([[   Shoals:2 !!*=   Depths:1 ![
Depths:3 =}==:*   Depths:5 (

Portals:
Hell: Depths:1 Depths:2 Depths:3 Depths:4 Depths:5
Abyss: D:7 Depths:4
Pandemonium: Depths:3 Depths:4

Annotations:
Hell Geryon
Zot:3 3 runed translucent doors, Sebriys's ghost, legendary TrBe


Innate Abilities, Weirdness & Mutations

You cannot wear boots.
Your serpentine skin is tough. (AC +9)
You have supernaturally acute eyesight. (SInv)
Armour fits poorly on your strangely shaped body.
Your system is resistant to poisons. (rPois)
You cover ground very slowly.
You can exhale a cloud of poison.
You can use your snake-like lower body to constrict enemies.
You are partially covered in molten scales. (AC +2)
You are agile. (Dex +2)
You are dopey. (Int -2)
Your magical capacity is low. (-10% MP)
You do not regenerate when monsters are visible.


Message History

The hell beast completely misses you.
You slice the hell beast!!
The hell beast is almost dead.
You constrict the hell beast! You block the hell beast's attack.
The hell beast misses you. You block the hell beast's attack.
The hell beast completely misses you.
You slash the hell beast!
You kill the hell beast!
Cheibriados thoroughly appreciates the change of pace.
No target in view!
Casting: Passwall (safe; 1% risk of failure)
Confirm with . or Enter, or press ? or * to list all spells.
Aiming: Passwall (safe; 1% risk of failure)
Press: ? - help, Dir - move target A rock wall.
This square is covered in magical glow.
You begin to meditate on the wall.
You continue meditating on the rock. x2
You finish merging with the rock.
Unknown command.
You have escaped!

#.....................###
#........#...########....
#........##...###########
##.............).........
#..............#...#####
###.........##.....# ##
#.........####...####.
#...8.8...#####.......
####.@.#####..##..##..
########### ##..........
#.........# #...........
#.........###...........
##..#.............#....# ########
#..........#..####....# .......#
#.#########...#......##
.......####.#####...............#
.........#........##..#..........


There were no monsters in sight!

Vanquished Creatures
  the Royal Jelly (Slime:5)
  6 ancient liches
  Khufu (Crypt:1)
  Tiamat (Zot:3)
  6 orbs of fire
  2 juggernauts
  A royal mummy (Crypt:1)
  Sojobo (Vaults:3)
  Boris (4 times) (Vaults:4 Crypt:2 Crypt:3 Depths:4)
  Bai Suzhen (Crypt:1)
  Frederick (Vaults:5)
  Saint Roka (Depths:2)
  Xtahua (Crypt:3)
  6 Killer Klowns
  A curse toe (Zot:3)
  23 golden dragons
  Jory (Crypt:2)
  2 profane servitors
  The ghost of Gruesome the Spry, an adept OpBr of Okawaru (Vaults:1)
  Arachne (Spider:3)
  A Tzitzimitl (Depths:3)
  A bone dragon (Crypt:3)
  3 Brimstone Fiends
  2 electric golems (Zot:5)
  2 Ice Fiends
  Rupert (Lair:3)
  15 tentacled monstrosities
  Jorgrun (Spider:3)
  10 liches
  10 titans
  28 Orb Guardians
  7 deep elf blademasters
  A kraken (Shoals:4)
  4 deep elf master archers (Elf:3)
  5 quicksilver dragons
  Polyphemus (Shoals:3)
  18 acid blobs
  7 sphinxes
  13 ancient champions
  6 death cobs
  2 tentacled starspawn (Zig:6)
  2 Executioners
  14 shadow dragons
  A draconian monk (Zot:3)
  2 pandemonium lords
  8 tengu reavers
  15 storm dragons
  2 revenants (Crypt:2)
  Donald (Orc:2)
  Roxanne (Shoals:1)
  Ilsuiw (Shoals:2)
  8 azure jellies
  3 iron dragons (Depths:4)
  4 orc warlords
  6 frost giants
  An iron dragon (shapeshifter) (Vaults:5)
  4 deep elf sorcerers (Elf:3)
  8 fire giants
  A corrupter (Depths:2)
  A caustic shrike zombie (Depths:3)
  4 draconian knights (Zot:3)
  11 ghost moths
  Aizul (Lair:4)
  9 deep elf elementalists
  Louise (D:14)
  2 draconian scorchers
  8 draconian shifters
  9 emperor scorpions
  3 curse skulls
  A balrug (Depths:1)
  13 vault wardens
  An angel (Depths:2)
  5 draconian stormcallers
  7 ghouls
  4 spriggan defenders
  5 draconian annihilators
  A stone giant (shapeshifter) (Zig:7)
  17 very ugly things
  2 war gargoyles
  6 reapers
  10 ironheart preservers
  2 caustic shrike skeletons (Depths:3)
  A juggernaut skeleton (Depths:3)
  6 green draconians
  6 vampire knights
  Azrael (Elf:2)
  11 deep elf demonologists
  6 dire elephants (Lair:6)
  24 stone giants
  5 yellow draconians
  13 deep elf annihilators
  A minotaur (Gauntlet)
  11 red draconians
  4 spark wasps
  9 purple draconians
  5 entropy weavers
  11 white draconians
  15 black draconians
  9 death oozes (Slime:5)
  13 deep elf death magi
  8 merfolk impalers
  10 merfolk javelineers
  4 eidola
  4 mummy priests
  5 jiangshi (Crypt:3)
  14 ettins
  13 fire dragons
  A quicksilver dragon zombie (Depths:3)
  A crystal guardian (Vaults:3)
  11 yaktaur captains
  30 vault guards
  16 great orbs of eyes
  6 rakshasas
  17 ice dragons
  8 boulder beetles
  8 deep elf high priests
  An ice dragon (shapeshifter) (Depths:4)
  3 catoblepae
  5 merfolk avatars
  7 hydras
  2 hell beasts
  2 juggernaut simulacra (Depths:3)
  4 death knights
  3 spriggan air magi
  22 ogre magi
  7 centaur warriors
  2 alligator snapping turtles
  34 dancing weapons
  24 death yaks
  A satyr (Shoals:3)
  8 tengu warriors
  4 merfolk aquamancers
  59 two-headed ogres
  An anaconda (Lair:6)
  9 hell hogs
  8 deep troll shamans
  7 deep troll earth magi
  2 small abominations
  3 vampire magi
  9 orc high priests
  5 large abominations
  10 soul eaters
  A spriggan berserker (Depths:3)
  23 deep elf knights
  A wretched star (Zig:6)
  3 sun demons
  Nergalle (D:12)
  22 skeletal warriors
  2 titan skeletons (Depths:3)
  A fire crab (shapeshifter) (Vaults:4)
  10 hell knights
  A fire crab (Shoals:2)
  2 iron trolls
  7 shadow wraiths
  A spark wasp zombie (Depths:3)
  2 unseen horrors (Vaults:1)
  A goliath frog (shapeshifter) (Vaults:5)
  A swamp dragon (Zot:3)
  9 wizards
  3 orange crystal statues
  A glowing orange brain (shapeshifter) (Vaults:5)
  14 flayed ghosts
  A storm dragon skeleton (Depths:3)
  A shadow dragon zombie (Depths:3)
  27 deep trolls
  2 lindwurms (Lair:4)
  6 bog bodies
  13 sea snakes
  5 glowing orange brains
  A golden dragon skeleton (Crypt:1)
  14 deep elf archers
  24 orc knights
  A tengu zombie (Depths:3)
  8 ironbrand convokers
  12 necromancers
  24 orb spiders
  An anaconda skeleton (Crypt:3)
  31 harpies
  11 phantasmal warriors
  7 shining eyes
  A goliath frog zombie (Crypt:1)
  13 cyclopes
  30 wolf spiders
  A stone giant zombie (D:15)
  2 oklob plants (Lair:5)
  31 fauns
  2 frost giant zombies
  An orc sorcerer (Depths:4)
  68 deep elf magi
  A fire giant zombie (Depths:3)
  A manticore (shapeshifter) (Depths:4)
  4 shadow dragon skeletons
  A frost giant skeleton (Depths:3)
  A rust devil (D:5)
  5 toenail golems (Volcano)
  A cyclops (shapeshifter) (Vaults:5)
  18 manticores
  Maurice (D:11)
  A tengu skeleton (Depths:3)
  40 ugly things
  29 moths of wrath
  A black mamba (Lair:4)
  15 elephants
  9 merfolk sirens
  15 vault sentinels
  A titan simulacrum (Depths:3)
  2 ice statues
  An elephant (shapeshifter) (Zig:7)
  A centaur zombie (D:12)
  A minotaur zombie (Crypt:2)
  5 eyes of devastation
  2 smoke demons
  A storm dragon simulacrum (Depths:3)
  8 water nymphs
  A gargoyle (D:14)
  15 cane toads
  2 swamp worm zombies
  2 torpor snails (Lair:6)
  2 elf zombies (Depths:3)
  2 centaur skeletons (D:14)
  Maggie (D:6)
  A kobold demonologist (D:13)
  12 freezing wraiths
  10 komodo dragons
  An iron troll zombie (Crypt:1)
  2 efreet (D:15)
  34 yaktaurs
  A yellow draconian skeleton (Crypt:3)
  6 demonic crawlers
  An ice devil (Depths:1)
  6 guardian mummies
  4 tengu conjurers
  An ancient zyme (Zig:6)
  A silent spectre (Vaults:3)
  16 polar bears
  A queen bee (Depths:4)
  A queen bee (shapeshifter) (Vaults:2)
  39 merfolk
  A meliai (shapeshifter) (Elf:1)
  2 red devils
  A hydra zombie (Crypt:2)
  13 trolls
  36 slime creatures
  A hydra skeleton (Crypt:2)
  3 raiju
  31 jumping spiders
  3 blink frogs (Lair:4)
  9 wind drakes
  25 hornets
  12 snapping turtles
  Grinder (D:4)
  An iron dragon simulacrum (Crypt:2)
  2 ettin zombies
  6 dream sheep
  A guardian serpent skeleton (Crypt:1)
  A deep troll skeleton (D:15)
  12 flying skulls
  78 redbacks
  An alligator skeleton (Crypt:3)
  11 wyverns
  2 redbacks (shapeshifter)
  3 air elementals
  4 shadows
  A vampire (D:12)
  A ynoxinul (Zot:3)
  15 spriggans
  31 tarantellas
  2 tarantellas (shapeshifter) (Vaults:4)
  A fire dragon skeleton (Crypt:2)
  2 ushabtiu
  5 wraiths
  5 basilisks
  24 water elementals
  6 fire elementals
  A human (shapeshifter) (Vaults:1)
  9 fire bats
  2 chaos spawn (Zig:7)
  97 yaks
  4 golden eyes (Slime:5)
  8 vampire mosquitoes
  2 steam dragons (D:9)
  A neqoxec (Zot:1)
  3 wargs
  3 elf skeletons (Depths:3)
  A swamp worm (shapeshifter) (Zig:7)
  2 acid dragons
  9 hell hounds
  18 water moccasins
  A floating eye (Depths:5)
  Duvessa (D:4)
  A faun skeleton (Crypt:1)
  A swamp drake (shapeshifter) (Depths:5)
  A black bear (shapeshifter) (Depths:5)
  3 eyes of draining
  64 orc warriors
  A phantom (D:5)
  4 sky beasts
  7 necrophages
  6 black bears
  2 eyes of draining (shapeshifter)
  An ice beast (D:7)
  60 ogres
  16 boggarts
  36 wolves
  14 centaurs
  A snapping turtle skeleton (Crypt:2)
  An elf simulacrum (Depths:5)
  4 big kobolds
  19 bullfrogs
  A draconian zombie (Crypt:1)
  A wyvern zombie (D:11)
  2 earth elementals
  A water moccasin zombie (Crypt:3)
  A troll zombie (Crypt:3)
  Dowan (D:4)
  A wyvern skeleton (D:14)
  4 scorpions
  68 killer bees
  2 spriggan skeletons
  15 wights
  4 electric eels
  8 howler monkeys
  A crimson imp (Depths:2)
  A quasit (D:9)
  4 bullfrog zombies
  9 jellies
  49 orc priests
  9 hounds
  Crazy Yiuf (D:7)
  3 bullfrog skeletons
  8 iguanas
  35 orc wizards
  Ijyb (D:5)
  A lightning spire (Gauntlet)
  7 worker ants
  7 yak simulacra (D:12)
  A killer bee zombie (D:9)
  2 polar bear simulacra (D:12)
  2 wolf simulacra (D:12)
  A naga zombie (Crypt:2)
  A deep dwarf zombie (Crypt:3)
  2 hound zombies
  A hound skeleton (D:5)
  8 mummies
  A worker ant zombie (D:5)
  2 howler monkey skeletons
  6 gnolls (D:6)
  A scorpion zombie (Crypt:3)
  12 adders
  8 white imps
  3 ufetubi
  An ooze (D:2)
  An adder skeleton (D:6)
  2 halfling skeletons
  6 worms
  A dart slug (D:3)
  6 leopard geckos
  139 orcs
  A ball python (D:2)
  A bat (shapeshifter) (Depths:4)
  5 bats
  2 giant cockroaches
  A gnoll zombie (Crypt:3)
  10 goblins
  7 hobgoblins
  15 jackals
  4 quokkas
  3 frilled lizards
  A goblin zombie (Crypt:2)
  22 kobolds
  A leopard gecko skeleton (D:6)
  A leopard gecko zombie (D:9)
  2 quokka skeletons
  A quokka zombie (D:8)
  4 rats
  8 crawling corpses
  A lurking horror (D:7)
  5 starspawn tentacles (Zig:6)
  2 tentacles (Shoals:4)
3031 creatures vanquished.

Vanquished Creatures (others)
  2 fire giants
  A corrupter (Depths:2)
  A deep elf elementalist (Elf:3)
  A merfolk javelineer (Shoals:4)
  A merfolk impaler (Shoals:4)
  A deep elf high priest (Elf:3)
  2 deep elf knights
  A skeletal warrior (Crypt:2)
  A manticore (Lair:4)
  An ugly thing (Zig:7)
  A deep elf mage (Elf:1)
  A faun (Shoals:4)
  A hornet (Vaults:5)
  2 slime creatures (Slime:2)
  A tarantella (Spider:1)
  A water elemental (Shoals:4)
  2 redbacks
  An ogre (Depths:1)
  A wolf (IceCv)
  2 killer bees (Depths:4)
  A bush (Lair:6)
  34 fungi
  271 plants
  4 starspawn tentacles (Zig:6)
  5 tentacles (Shoals:4)
  9 withered plants
349 creatures vanquished.

Grand Total: 3380 creatures vanquished

Notes
Turn   | Place    | Note
-------+----------+-------------------------------------------
     0 | D:5      | mopl the Naga Delver began the quest for the Orb.
     0 | D:5      | Reached XP level 1. HP: 21/21 MP: 1/1
   407 | D:3      | Reached XP level 2. HP: 27/28 MP: 2/2
   422 | D:3      | Found a white marble altar of Elyvilon.
   444 | D:2      | Reached skill level 3 in Axes
   850 | D:2      | Reached XP level 3. HP: 20/34 MP: 3/3
  1086 | D:3      | Reached skill level 4 in Axes
  1093 | D:3      | Reached XP level 4. HP: 39/42 MP: 4/4
  1317 | D:3      | Became a worshipper of Elyvilon the Healer
  1874 | D:2      | Reached skill level 1 in Invocations
  2035 | D:1      | Reached * piety under Elyvilon
  2086 | D:1      | Reached XP level 5. HP: 49/49 MP: 5/5
  2831 | D:2      | Reached skill level 5 in Axes
  2832 | D:2      | Found a sparkling altar of Nemelex Xobeh.
  2903 | D:2      | Reached ** piety under Elyvilon
  3270 | D:3      | Reached skill level 2 in Invocations
  3452 | D:4      | Noticed an ogre
  3458 | D:4      | Killed an ogre
  3459 | D:4      | Reached XP level 6. HP: 38/56 MP: 7/7
  3698 | D:4      | Noticed Dowan
  3709 | D:4      | Noticed Duvessa
  3738 | D:4      | Killed Dowan
  3739 | D:4      | Reached skill level 6 in Axes
  3739 | D:4      | Reached skill level 3 in Invocations
  3944 | D:4      | Noticed Grinder
  3963 | D:4      | Killed Duvessa
  3964 | D:4      | Reached XP level 7. HP: 39/62 MP: 5/9
  3970 | D:4      | Killed Grinder
  3971 | D:4      | Reached skill level 7 in Axes
  3971 | D:4      | Reached skill level 4 in Invocations
  4761 | D:5      | Found Dexyj's Antique Armour Boutique.
  4774 | D:5      | Reached *** piety under Elyvilon
  4999 | D:5      | Noticed Ijyb
  5021 | D:5      | Killed Ijyb
  5028 | D:5      | Reached skill level 1 in Armour
  5028 | D:5      | Reached XP level 8. HP: 50/69 MP: 8/11
  5730 | D:6      | Reached **** piety under Elyvilon
  5799 | D:6      | Found a staircase to the Ecumenical Temple.
  5885 | Temple   | Entered the Ecumenical Temple
  6007 | Temple   | Fell from the grace of Elyvilon
  6007 | Temple   | Became a worshipper of Cheibriados the Contemplative
  6082 | D:6      | Reached skill level 8 in Axes
  6092 | D:6      | Found an opulent altar of Gozag.
  6092 | D:6      | Noticed Maggie
  6116 | D:6      | Killed Maggie
  6117 | D:6      | Reached skill level 4 in Fighting
  6117 | D:6      | Reached skill level 2 in Armour
  6117 | D:6      | Reached skill level 5 in Invocations
  6528 | D:6      | Reached XP level 9. HP: 55/79 MP: 9/13
  6687 | D:6      | Reached * piety under Cheibriados
  6746 | D:6      | Found a hide-covered altar of Uskayaw.
  6748 | D:6      | Found a shadowy altar of Dithmenos.
  6769 | D:6      | Found a basalt altar of Yredelemnul.
  6769 | D:6      | Found an ancient bone altar of Kikubaaqudgha.
  6769 | D:6      | Found an ornate altar of the Wu Jian Council.
  6770 | D:6      | Found a shimmering altar of Xom.
  6882 | D:5      | Bought a steaming cloak for 304 gold pieces
  6887 | D:5      | Identified the cursed +0 cloak of Porun {rPois rCorr Str-5
                  | Int+3} (You bought it in a shop on level 5 of the Dungeon)
  7186 | D:6      | Reached skill level 9 in Axes
  7308 | D:7      | Reached skill level 3 in Armour
  7326 | D:7      | Reached skill level 5 in Fighting
  7326 | D:7      | Reached skill level 6 in Invocations
  8056 | D:7      | Reached ** piety under Cheibriados
  8167 | D:7      | Reached skill level 1 in Shields
  8217 | D:7      | Found a corrupted altar of Lugonu.
  8223 | D:7      | Found a one-way gate to the infinite horrors of the Abyss.
  8715 | D:7      | Found a runed translucent door.
  8716 | D:7      | Noticed Crazy Yiuf
  8811 | D:7      | Killed Crazy Yiuf
  8861 | D:8      | Found Dypacec's Changing Room.
  9069 | D:8      | Reached skill level 10 in Axes
  9069 | D:8      | Reached XP level 10. HP: 86/91 MP: 13/15
  9173 | D:8      | Reached *** piety under Cheibriados
  9194 | D:8      | Reached skill level 4 in Armour
  9633 | D:8      | Reached skill level 6 in Fighting
  9645 | D:8      | Reached skill level 1 in Long Blades
  9645 | D:8      | Reached skill level 7 in Invocations
 10263 | D:9      | Found a flagged portal.
 10274 | Bailey   | Entered a bailey
 10410 | Bailey   | Reached skill level 2 in Long Blades
 10732 | Bailey   | Noticed an orc knight
 10788 | Bailey   | Reached **** piety under Cheibriados
 10890 | Bailey   | Noticed an orc knight
 10988 | Bailey   | Killed an orc knight
 10989 | Bailey   | Reached skill level 3 in Long Blades
 11344 | Bailey   | Killed an orc knight
 11399 | Bailey   | Got a clouded pewter ring
 11431 | Bailey   | Identified the ring of the Good {+Inv Str+6 Int+3 SInv}
                  | (You found it in a bailey)
 11533 | D:9      | Reached skill level 4 in Long Blades
 11715 | D:9      | Reached skill level 5 in Armour
 11728 | D:9      | Reached skill level 8 in Invocations
 11732 | D:9      | Reached skill level 7 in Fighting
 11734 | D:9      | Reached XP level 11. HP: 45/100 MP: 5/17
 12639 | D:9      | Found a staircase to the Lair.
 12980 | D:10     | Entered Level 10 of the Dungeon
 13333 | D:10     | Reached skill level 11 in Axes
 13495 | D:10     | Reached ***** piety under Cheibriados
 13772 | D:11     | Found a staircase to the Orcish Mines.
 13781 | D:11     | Noticed a boulder beetle
 13860 | D:11     | Killed a boulder beetle
 13861 | D:11     | Reached skill level 6 in Armour
 13861 | D:11     | Reached skill level 9 in Invocations
 14310 | D:11     | Reached skill level 8 in Fighting
 14391 | D:11     | Noticed a cyan ugly thing
 14396 | D:11     | Killed a cyan ugly thing
 14424 | D:11     | Noticed Maurice
 14444 | D:11     | Killed Maurice
 14885 | D:11     | Noticed a green ugly thing
 14902 | D:11     | Killed a green ugly thing
 14903 | D:11     | Reached XP level 12. HP: 95/111 MP: 16/19
 15030 | D:12     | Noticed Nergalle
 15046 | D:12     | Killed Nergalle
 15047 | D:12     | Reached skill level 12 in Axes
 15047 | D:12     | Reached skill level 2 in Shields
 15058 | D:12     | Noticed a seven-headed hydra
 15326 | Orc:1    | Entered Level 1 of the Orcish Mines
 15379 | Orc:1    | Reached skill level 2 in Dodging
 15382 | Orc:1    | Reached ****** piety under Cheibriados
 15412 | Orc:1    | Found a dark tunnel.
 15423 | Volcano  | Entered a volcano
 15532 | Volcano  | Reached skill level 3 in Shields
 15622 | Volcano  | Reached skill level 3 in Dodging
 15634 | Volcano  | Reached skill level 10 in Invocations
 15926 | Orc:2    | Entered Level 2 of the Orcish Mines
 15945 | Orc:2    | Reached skill level 9 in Fighting
 15963 | Orc:2    | Reached skill level 7 in Armour
 16116 | Orc:2    | Found a staircase to the Elven Halls.
 16234 | Orc:1    | Gained mutation: You can use your snake-like lower body to
                  | constrict enemies. [Naga growth]
 16234 | Orc:1    | Reached XP level 13. HP: 62/121 MP: 8/20
 16234 | Orc:1    | Found a roughly hewn altar of Beogh.
 16263 | Orc:1    | Reached skill level 13 in Axes
 16684 | Orc:2    | Found a roughly hewn altar of Beogh.
 16771 | Orc:2    | Noticed an orc warlord
 16789 | Orc:1    | Killed an orc warlord
 17016 | Orc:2    | Reached skill level 4 in Shields
 17024 | Orc:2    | Reached skill level 4 in Dodging
 17273 | Orc:2    | Noticed Donald
 17288 | Orc:2    | HP: 4/106 [Donald/+7 broad axe of draining (4)]
 17289 | Orc:2    | Killed Donald
 18078 | Orc:2    | Found Ulunah's Book Emporium.
 18081 | Orc:2    | Found Xebiv's Gadget Emporium.
 18082 | Orc:2    | Found Zanokeust's Assorted Antiques.
 18083 | Orc:2    | Found Cinus's Assorted Antiques.
 18086 | Orc:2    | Bought a long glass wand for 132 gold pieces
 18086 | Orc:2    | Bought a potion of curing for 99 gold pieces
 18086 | Orc:2    | Bought 2 scrolls of identify for 132 gold pieces
 18089 | Orc:2    | Bought a scroll of identify for 54 gold pieces
 18089 | Orc:2    | Bought a scroll labelled QAROACREIH for 27 gold pieces
 18089 | Orc:2    | Bought a scroll of enchant armour for 202 gold pieces
 18089 | Orc:2    | Bought a scroll of fear for 94 gold pieces
 18089 | Orc:2    | Bought a scroll of fear for 94 gold pieces
 18303 | Lair:1   | Entered Level 1 of the Lair of Beasts
 18313 | Lair:1   | Reached skill level 15 in Axes
 18313 | Lair:1   | Reached XP level 14. HP: 130/130 MP: 22/22
 18330 | Lair:1   | Acquired a manual of Armour
 18474 | Lair:1   | Reached skill level 11 in Invocations
 18477 | Lair:1   | Reached skill level 8 in Armour
 18525 | Lair:1   | Reached skill level 10 in Fighting
 18534 | Lair:1   | Reached skill level 5 in Dodging
 18716 | Lair:1   | You fall into a shaft and drop 1 floor!
 19004 | Lair:2   | Reached XP level 15. HP: 138/138 MP: 23/23
 19730 | Lair:3   | Reached skill level 9 in Armour
 19742 | Lair:3   | Noticed Rupert
 19754 | Lair:3   | Killed Rupert
 19780 | Lair:3   | Found a hole to the Spider Nest.
 20625 | Lair:4   | Reached skill level 6 in Dodging
 20641 | Lair:4   | Reached skill level 16 in Axes
 21009 | Lair:4   | Found a staircase to the Shoals.
 21527 | Lair:5   | Reached skill level 12 in Invocations
 21547 | Lair:5   | Reached skill level 1 in Throwing
 21580 | Lair:5   | Reached skill level 11 in Fighting
 21784 | Lair:5   | Found a staircase to the Slime Pits.
 21810 | Lair:5   | Reached skill level 10 in Armour
 22261 | Lair:6   | Entered Level 6 of the Lair of Beasts
 22354 | Lair:6   | Reached XP level 16. HP: 150/150 MP: 25/25
 22428 | Lair:6   | Reached skill level 2 in Throwing
 22710 | Lair:6   | Reached skill level 3 in Throwing
 22710 | Lair:6   | Reached skill level 7 in Dodging
 23579 | D:12     | Reached skill level 17 in Axes
 23914 | D:12     | Reached skill level 11 in Armour
 24172 | D:13     | Found a gate to the Vaults.
 24184 | D:13     | Reached skill level 4 in Throwing
 24215 | D:13     | Found a gate leading to a gauntlet.
 24225 | Gauntlet | Entered a Gauntlet
 24225 | Gauntlet | Found a transporter.
 24225 | Gauntlet | Found a transporter.
 24241 | Gauntlet | Found a transporter.
 24245 | Gauntlet | Found a transporter.
 24255 | Gauntlet | Found a transporter.
 24259 | Gauntlet | Found a transporter.
 24275 | Gauntlet | Found a transporter.
 24290 | Gauntlet | Found a transporter.
 24313 | Gauntlet | Found a transporter.
 24313 | Gauntlet | Found a transporter.
 24330 | Gauntlet | Found a transporter.
 24332 | Gauntlet | Found a transporter.
 24426 | Gauntlet | Got an ichor-stained hat
 24437 | Gauntlet | Identified the cursed +0 hat "Aklybo Urio" {rC++ rN+ Str-4}
                  | (You found it in a Gauntlet)
 24490 | Gauntlet | Got a spiked helmet
 24502 | Gauntlet | Identified the +4 helmet of Tiocrile {rF+ MP+9} (You found
                  | it in a Gauntlet)
 24570 | Gauntlet | Identified the +6 war axe of Theory {venom, rN+ Will+ MP+9
                  | Dex+3}
 24714 | D:13     | Acquired a manual of Invocations
 25398 | D:14     | Reached skill level 13 in Invocations
 25490 | D:14     | Reached XP level 17. HP: 159/159 MP: 26/26
 25558 | D:14     | Reached skill level 1 in Evocations
 26103 | D:14     | Noticed Louise
 26114 | D:14     | Killed Louise
 26446 | Spider:1 | Entered Level 1 of the Spider Nest
 26513 | Spider:1 | Reached skill level 12 in Fighting
 26596 | Spider:1 | Reached skill level 2 in Evocations
 26884 | Spider:1 | Reached skill level 5 in Throwing
 26931 | Spider:1 | Reached skill level 8 in Dodging
 27256 | Spider:2 | Reached skill level 3 in Evocations
 27937 | Spider:2 | Learned a level 2 spell: Blink
 28027 | Spider:3 | Noticed Jorgrun
 28033 | Spider:3 | Killed Jorgrun
 28034 | Spider:3 | Reached skill level 12 in Armour
 28034 | Spider:3 | Reached skill level 14 in Invocations
 28179 | Spider:3 | Noticed Arachne
 28208 | Spider:3 | Killed Arachne
 28448 | Spider:4 | Entered Level 4 of the Spider Nest
 28457 | Spider:4 | Reached skill level 4 in Evocations
 28459 | Spider:4 | Reached skill level 18 in Axes
 28467 | Spider:4 | Reached skill level 6 in Throwing
 28473 | Spider:4 | Reached XP level 18. HP: 159/169 MP: 28/28
 29023 | Spider:4 | Reached skill level 5 in Evocations
 29083 | Spider:4 | Got a gossamer rune of Zot
 29401 | Shoals:1 | Entered Level 1 of the Shoals
 29401 | Shoals:1 | Noticed Aizul
 29401 | Shoals:1 | Noticed Roxanne
 29410 | Lair:4   | Killed Aizul
 29411 | Lair:4   | Reached skill level 15 in Invocations
 29708 | Shoals:1 | Killed Roxanne
 29847 | Shoals:1 | Reached skill level 13 in Fighting
 29847 | Shoals:1 | Reached skill level 9 in Dodging
 29885 | Shoals:1 | Reached skill level 7 in Throwing
 30409 | Shoals:2 | Found Odwalak's General Store.
 30427 | Shoals:2 | Bought a potion of curing for 42 gold pieces
 30427 | Shoals:2 | Bought a scroll of vulnerability for 105 gold pieces
 30427 | Shoals:2 | Bought a scroll of teleportation for 42 gold pieces
 30435 | Shoals:2 | Reached skill level 13 in Armour
 30435 | Shoals:2 | Reached skill level 6 in Evocations
 30439 | Shoals:2 | Noticed Ilsuiw
 30452 | Shoals:2 | Killed Ilsuiw
 30477 | Shoals:2 | Found Mutraeze's Distillery.
 30488 | Shoals:2 | Bought a potion of heal wounds for 90 gold pieces
 30488 | Shoals:2 | Bought a potion of heal wounds for 90 gold pieces
 30488 | Shoals:2 | Bought a potion of heal wounds for 90 gold pieces
 30488 | Shoals:2 | Bought a potion of curing for 54 gold pieces
 30488 | Shoals:2 | Bought a potion of curing for 54 gold pieces
 30488 | Shoals:2 | Bought a potion of curing for 54 gold pieces
 30488 | Shoals:2 | Bought 2 potions of invisibility for 288 gold pieces
 30488 | Shoals:2 | Bought a potion of flight for 54 gold pieces
 30511 | Shoals:2 | Found Dest's Distillery.
 30568 | Shoals:2 | Bought a potion of curing for 36 gold pieces
 30568 | Shoals:2 | Bought a potion of curing for 36 gold pieces
 30568 | Shoals:2 | Bought a potion of cancellation for 96 gold pieces
 30568 | Shoals:2 | Bought 2 potions of mutation for 192 gold pieces
 30788 | Shoals:2 | Found Laucw's Jewellery Emporium.
 30800 | Shoals:2 | Bought the amulet of the Air {Inacc +Fly rElec EV+5 RMsl}
                  | for 523 gold pieces
 30800 | Shoals:2 | Found the amulet of the Air {Inacc +Fly rElec EV+5 RMsl}
 31030 | Shoals:2 | Bought a cursed ring of attention for 49 gold pieces
 31090 | Shoals:3 | Reached XP level 19. HP: 122/178 MP: 30/30
 31269 | Shoals:3 | Noticed Polyphemus
 31287 | Shoals:3 | Killed Polyphemus
 31288 | Shoals:3 | Reached skill level 16 in Invocations
 31338 | Shoals:3 | Reached skill level 8 in Throwing
 31338 | Shoals:3 | Reached skill level 7 in Evocations
 31354 | Shoals:3 | Identified the +5 bardiche "Gustrul" {protect, *Slow +Inv
                  | Stlth+} (You found it on level 3 of the Shoals)
 31692 | Shoals:4 | Entered Level 4 of the Shoals
 32066 | Shoals:4 | Reached skill level 1 in Translocations
 32368 | Shoals:4 | Reached skill level 2 in Translocations
 32377 | Shoals:4 | Got a barnacled rune of Zot
 32496 | Shoals:4 | Acquired a +2 barding of fire resistance
 32538 | Shoals:4 | Reached skill level 10 in Dodging
 32548 | Shoals:4 | Identified the +4 ring mail of Komm {Will+ rCorr Dex+4}
 33212 | D:15     | Entered Level 15 of the Dungeon
 33212 | D:15     | Found a staircase to the Depths.
 33249 | D:15     | Found a viscous altar of Jiyva.
 33296 | D:15     | Reached skill level 5 in Shields
 33324 | D:15     | Reached skill level 8 in Evocations
 33332 | D:15     | Found a frozen archway.
 33346 | D:15     | Reached XP level 20. HP: 189/189 MP: 32/32
 33356 | IceCv    | Entered an ice cave
 33464 | IceCv    | Reached skill level 3 in Translocations
 33582 | IceCv    | Reached skill level 14 in Fighting
 34367 | D:15     | Reached skill level 17 in Invocations
 34894 | Elf:1    | Entered Level 1 of the Elven Halls
 34965 | Elf:1    | Reached skill level 8 in Stealth
 35007 | Elf:1    | Reached skill level 9 in Throwing
 35407 | Elf:1    | Reached skill level 14 in Armour
 35416 | Elf:1    | Reached skill level 4 in Translocations
 36123 | Elf:2    | Found Mukhlu's Armour Emporium.
 36126 | Elf:2    | Found Joujimme's Antique Weapon Shoppe.
 36128 | Elf:2    | Found Meapt's General Store.
 36257 | Elf:2    | Reached skill level 9 in Stealth
 36262 | Elf:2    | Found a runed translucent gate.
 36262 | Elf:2    | Found a runed translucent gate.
 36292 | Elf:2    | Found Coifroi's Antique Armour Boutique.
 36334 | Elf:2    | Found a runed translucent gate.
 36468 | Elf:2    | Reached skill level 6 in Shields
 36672 | Elf:3    | Entered Level 3 of the Elven Halls
 36729 | Elf:3    | Reached skill level 9 in Evocations
 37081 | Elf:3    | Reached skill level 5 in Translocations
 37085 | Elf:3    | Reached XP level 21. HP: 194/199 MP: 33/33
 37286 | Elf:3    | Reached skill level 10 in Stealth
 37369 | Elf:3    | Identified the +1 plate armour of Shielding {rElec rN+
                  | SInv}
 37388 | Elf:3    | Identified the +1 bardiche of Weak Subterfuge {pain, rPois
                  | rF+ rN+ Int+4}
 37412 | Elf:3    | Identified the cursed +1 broad axe of a ziggurat {drain,
                  | *Corrode rPois rN+}
 37451 | Elf:3    | Identified the Papyrus of Burning Feathers
 37465 | Elf:3    | Identified the quicksilver dragon scales of the Armoured
                  | One {rPois Will+ Slay+3} (You found it on level 3 of the
                  | Elven Halls)
 37509 | Elf:3    | Identified the +11 chain mail of Henotheism {Rampage rElec
                  | rPois Int-2} (You found it on level 3 of the Elven Halls)
 37572 | Elf:3    | Identified the cursed ring "Agruchy" {AC-4 Str+4}
 37589 | Elf:3    | Reached skill level 11 in Stealth
 37888 | Elf:3    | Identified the +0 plate armour of Elyvilon {rElec rC+
                  | Str-4} (You found it on level 3 of the Elven Halls)
 37974 | Elf:3    | Reached skill level 6 in Translocations
 38003 | Elf:3    | Identified the ring "Tumeasix" {Dex+3 SInv} (You found it
                  | on level 3 of the Elven Halls)
 38433 | Depths:1 | Entered Level 1 of the Depths
 38506 | Vaults:1 | Entered Level 1 of the Vaults
 38557 | Vaults:1 | Reached skill level 11 in Dodging
 38626 | Vaults:1 | Found a runed translucent gate.
 38626 | Vaults:1 | Found a runed translucent gate.
 38626 | Vaults:1 | Found a runed translucent gate.
 38626 | Vaults:1 | Noticed Gruesome's ghost (adept OpBr)
 38627 | Vaults:1 | Identified the +5 scimitar of Jieceh {vorpal, rPois Stlth+}
 38627 | Vaults:1 | Identified the +9 great sword "Ymifruz" {vamp, rN++ Str+4}
 38627 | Vaults:1 | Identified the cursed +1 plate armour "Yllom" {Rampage
                  | Regen+ Slay+6}
 38628 | Vaults:1 | Found a roughly hewn altar of Beogh.
 38659 | Vaults:1 | Reached skill level 10 in Throwing
 38676 | Vaults:1 | Killed Gruesome's ghost
 38690 | Vaults:1 | Reached skill level 7 in Shields
 38710 | Vaults:1 | Got a clouded jade amulet
 38711 | Vaults:1 | Identified the amulet of Joentowo {Inacc *Drain rF+++ Str-5
                  | Dex+9} (You found it on level 1 of the Vaults)
 38800 | Vaults:1 | Reached skill level 12 in Stealth
 39176 | Vaults:1 | Reached XP level 22. HP: 208/208 MP: 34/34
 39179 | Vaults:1 | Reached skill level 10 in Evocations
 39202 | Vaults:1 | Reached skill level 18 in Invocations
 39582 | Vaults:2 | Reached skill level 13 in Stealth
 39621 | Vaults:2 | Reached skill level 15 in Fighting
 39624 | Vaults:2 | Reached skill level 7 in Translocations
 39944 | Vaults:2 | Reached skill level 14 in Stealth
 40379 | Vaults:2 | Found a staircase to the Crypt.
 41284 | Vaults:3 | Noticed Sojobo
 41299 | Vaults:3 | Killed Sojobo
 41300 | Vaults:3 | Reached skill level 8 in Shields
 41315 | Vaults:3 | Reached XP level 23. HP: 138/217 MP: 36/36
 41421 | Vaults:3 | Reached skill level 15 in Stealth
 41423 | Vaults:3 | Reached skill level 8 in Translocations
 41943 | Vaults:3 | Found a transporter.
 42037 | Vaults:3 | Found a transporter.
 42037 | Vaults:3 | Found a runed translucent door.
 42037 | Vaults:3 | Found a bloodstained altar of Trog.
 42038 | Vaults:3 | Found the +8 Wrath of Trog {antimagic, *Rage}
 42128 | Vaults:3 | Identified the +8 battleaxe of Anxiety {freeze, *Noise
                  | rElec Str+4} (You found it on level 3 of the Vaults)
 42133 | Vaults:3 | Identified the +5 chain mail of Spring {-Tele Harm rPois
                  | Str+6} (You found it on level 3 of the Vaults)
 42395 | Vaults:4 | Reached skill level 11 in Throwing
 42580 | Vaults:4 | Reached skill level 11 in Evocations
 42685 | Vaults:4 | Reached skill level 15 in Armour
 42896 | Vaults:4 | Noticed Boris
 42905 | Vaults:4 | Reached skill level 12 in Dodging
 42963 | Vaults:4 | Killed Boris
 42964 | Vaults:4 | Reached skill level 16 in Stealth
 43377 | Vaults:4 | Learned a level 2 spell: Passwall
 43704 | Vaults:5 | Entered Level 5 of the Vaults
 43850 | Vaults:4 | Reached skill level 9 in Translocations
 44008 | Vaults:4 | Reached skill level 17 in Stealth
 44008 | Vaults:4 | Reached XP level 24. HP: 165/229 MP: 36/36
 44138 | Vaults:5 | Noticed Frederick
 44138 | Vaults:5 | Identified the ring of Wyosaaci {Dex+3 Stlth-}
 44255 | Vaults:5 | Reached skill level 9 in Shields
 44442 | Vaults:5 | Killed Frederick
 44457 | Vaults:4 | Reached skill level 16 in Fighting
 44557 | Vaults:5 | Reached skill level 18 in Stealth
 44578 | Vaults:5 | Identified the +3 glaive of the Realm of Zot {elec, Will+}
 44578 | Vaults:5 | Identified a ring of the Octopus King {rF+ AC+1 EV+1 Str+1
                  | Int+1 Dex+1}
 44585 | Vaults:5 | Reached skill level 19 in Invocations
 44722 | Vaults:5 | Noticed an ancient lich
 44736 | Vaults:5 | Killed an ancient lich
 44737 | Vaults:5 | Reached skill level 13 in Dodging
 44778 | Vaults:5 | Reached skill level 12 in Evocations
 44909 | Vaults:5 | Reached skill level 10 in Translocations
 44930 | Vaults:5 | Reached skill level 12 in Throwing
 44989 | Vaults:5 | Identified the cursed +0 crystal plate armour "Etepleyti"
                  | {Will- Str+2 Int+6}
 45325 | Vaults:5 | Reached XP level 25. HP: 236/236 MP: 36/36
 45364 | Vaults:5 | Reached skill level 19 in Stealth
 45497 | Vaults:5 | Got a silver rune of Zot
 46470 | Crypt:1  | Entered Level 1 of the Crypt
 46471 | Crypt:1  | Noticed Bai Suzhen
 46493 | Crypt:1  | Killed Bai Suzhen
 46780 | Crypt:1  | Learned a level 3 spell: Lesser Beckoning
 46783 | Crypt:1  | Noticed a royal mummy
 46793 | Crypt:1  | Killed a royal mummy
 47209 | Crypt:1  | Noticed Khufu
 47223 | Crypt:1  | Killed Khufu
 47224 | Crypt:1  | Reached skill level 10 in Shields
 47224 | Crypt:1  | Reached skill level 1 in Spellcasting
 47224 | Crypt:1  | Reached skill level 1 in Transmutations
 47224 | Crypt:1  | Reached skill level 1 in Earth Magic
 47767 | Crypt:1  | Identified the +8 great sword "Otsep" {protect, +Inv +Fly
                  | rPois Int+5} (You found it on level 1 of the Crypt)
 47870 | Crypt:2  | Reached skill level 20 in Stealth
 47883 | Crypt:2  | Reached skill level 2 in Transmutations
 47883 | Crypt:2  | Reached skill level 2 in Earth Magic
 47970 | Crypt:2  | Reached skill level 2 in Spellcasting
 48018 | Crypt:2  | Noticed Jory
 48031 | Crypt:2  | Killed Jory
 48073 | Crypt:2  | Found a transporter.
 48088 | Crypt:2  | Noticed Boris
 48099 | Crypt:2  | Found a transporter.
 48208 | Crypt:2  | Reached skill level 14 in Dodging
 48209 | Crypt:2  | Killed Boris
 48331 | Crypt:2  | Reached skill level 3 in Earth Magic
 48626 | Crypt:3  | Entered Level 3 of the Crypt
 48660 | Crypt:3  | Reached skill level 3 in Transmutations
 48817 | Crypt:3  | Reached XP level 26. HP: 212/247 MP: 36/36
 48872 | Crypt:3  | Reached skill level 13 in Evocations
 48884 | Crypt:3  | Identified the ring of Megalomania {rElec rN+ Str+4 Dex+2}
 48929 | Crypt:3  | Reached skill level 3 in Spellcasting
 48980 | Crypt:3  | Reached skill level 13 in Throwing
 48995 | Crypt:3  | Found an ancient bone altar of Kikubaaqudgha.
 48999 | Crypt:3  | Noticed Boris
 49024 | Crypt:3  | Killed Boris
 49033 | Crypt:3  | Found a basalt altar of Yredelemnul.
 49079 | Crypt:3  | Got a glittering ruby amulet
 49080 | Crypt:3  | Identified the amulet of Yhupn {rC- rN+ Regen+ Str+3 Dex+4}
                  | (You found it on level 3 of the Crypt)
 49176 | Crypt:3  | Reached skill level 4 in Earth Magic
 49235 | Crypt:3  | Noticed Xtahua
 49247 | Crypt:3  | Killed Xtahua
 49248 | Crypt:3  | Reached skill level 4 in Transmutations
 49257 | Crypt:3  | Found a staircase to the Tomb.
 50154 | D:9      | Paralysed by a hornet for 2 turns
 50367 | Elf:2    | Bought the +2 shield of Resistance {rF++ rC++ Will++} for
                  | 843 gold pieces
 50367 | Elf:2    | Found the +2 shield of Resistance {rF++ rC++ Will++}
 50408 | Elf:2    | Noticed Azrael
 50421 | Elf:2    | Killed Azrael
 50435 | Elf:2    | Reached skill level 16 in Armour
 51050 | Depths:1 | Found a gateway to Hell.
 51067 | Depths:1 | Reached skill level 4 in Spellcasting
 51113 | Depths:1 | Found Nyurac's Distillery.
 51127 | Depths:1 | Bought a potion of curing for 51 gold pieces
 51127 | Depths:1 | Bought a potion of curing for 51 gold pieces
 51127 | Depths:1 | Bought a potion of curing for 51 gold pieces
 51127 | Depths:1 | Bought a potion of heal wounds for 85 gold pieces
 51127 | Depths:1 | Bought a potion of heal wounds for 85 gold pieces
 51127 | Depths:1 | Bought 2 potions of curing for 102 gold pieces
 51127 | Depths:1 | Bought a potion of resistance for 170 gold pieces
 51232 | Depths:1 | Found Rilir's Armour Shop.
 51321 | Depths:1 | Reached skill level 17 in Fighting
 51462 | Depths:1 | Reached skill level 5 in Earth Magic
 51474 | Depths:1 | Reached skill level 5 in Transmutations
 51697 | Depths:2 | Noticed Saint Roka
 51711 | Depths:2 | Killed Saint Roka
 51809 | Depths:2 | Found the +15 Maxwell's patent armour {-Cast -Tele rElec
                  | Will+ rCorr}
 51885 | Depths:2 | Reached XP level 27. HP: 224/256 MP: 36/36
 51958 | Depths:2 | Reached skill level 14 in Evocations
 52315 | Depths:3 | Found Ihifoc's Jewellery Shop.
 52385 | Depths:3 | Found a one-way gate leading to the halls of Pandemonium.
 52431 | Depths:3 | Reached skill level 20 in Invocations
 52479 | Depths:3 | Reached skill level 5 in Spellcasting
 52493 | Depths:3 | Identified the +2 rapier of the Jester {speed, Int+2} (You
                  | found it on level 3 of the Depths)
 52674 | Depths:3 | Reached skill level 15 in Dodging
 52712 | Depths:3 | Found an ancient bone altar of Kikubaaqudgha.
 52712 | Depths:3 | Noticed an ancient lich
 52721 | Depths:3 | Killed an ancient lich
 52722 | Depths:3 | Reached skill level 14 in Throwing
 52995 | Depths:3 | Reached skill level 11 in Shields
 53203 | Depths:3 | Identified the +12 morningstar "Jotabb" {drain, Fragile
                  | +Fly rPois Int+7} (You found it on level 3 of the Depths)
 53207 | Depths:3 | Identified the +3 hand crossbow of Ru's Approval {flame,
                  | rN+ Dex+3} (You found it on level 3 of the Depths)
 53310 | Depths:3 | Found Nagrucvos's Gadget Boutique.
 53310 | Depths:3 | Found Qunuug's Jewellery Shoppe.
 53311 | Depths:3 | Found Rotuix's Jewellery Shoppe.
 53328 | Depths:3 | Found Pyneahes's Book Boutique.
 53475 | Depths:3 | Found Giho's General Store.
 53484 | Depths:3 | Bought 5 atropa-tipped darts for 39 gold pieces
 53484 | Depths:3 | Bought a scroll of identify for 26 gold pieces
 53484 | Depths:3 | Bought 3 silver javelins for 93 gold pieces
 54061 | Depths:4 | Noticed Boris
 54069 | Depths:4 | Killed Boris
 54133 | Depths:4 | Reached skill level 15 in Evocations
 54240 | Depths:4 | Noticed a juggernaut
 54265 | Depths:4 | Killed a juggernaut
 54274 | Depths:4 | Identified the +9 scythe of Ancient Evil {venom, Int+2}
 54295 | Depths:4 | Identified the cursed +0 robe "Yguawkae" {rN+ rCorr Str+3}
                  | (You found it on level 4 of the Depths)
 54398 | Depths:4 | Reached skill level 15 in Throwing
 54438 | Depths:4 | Found the +0 staff of Battle
 54442 | Depths:4 | Identified the Almanac of Entrancing Attacks
 54979 | Depths:5 | Entered Level 5 of the Depths
 54982 | Depths:5 | Found Kaisifiu's Weapon Shop.
 55005 | Depths:5 | Reached skill level 16 in Dodging
 55080 | Depths:5 | Reached skill level 16 in Evocations
 55265 | Depths:5 | Found a gate to the Realm of Zot.
 55323 | Depths:5 | Reached skill level 18 in Fighting
 55381 | Depths:5 | Found a broken altar of Ashenzari.
 55396 | Depths:5 | Found a gateway to a ziggurat.
 55398 | Depths:5 | Paralysed by a floating eye for 4 turns
 55404 | Depths:5 | Paralysed by a floating eye for 3 turns
 55635 | Depths:5 | Learned a level 5 spell: Borgnjor's Vile Clutch
 55664 | Zot:1    | Entered Level 1 of the Realm of Zot
 55722 | Zot:1    | Reached skill level 1 in Necromancy
 55788 | Zot:1    | Reached skill level 12 in Shields
 56350 | Zot:2    | Reached skill level 2 in Necromancy
 56357 | Zot:2    | Reached skill level 16 in Throwing
 56432 | Zot:2    | Reached skill level 17 in Armour
 56836 | Zot:3    | Reached skill level 3 in Necromancy
 56852 | Zot:3    | Reached skill level 6 in Earth Magic
 56954 | Zot:3    | Reached skill level 6 in Transmutations
 56970 | Zot:3    | Reached skill level 6 in Spellcasting
 57190 | Zot:3    | Reached skill level 17 in Evocations
 57313 | Zot:3    | Reached skill level 4 in Necromancy
 57411 | Zot:3    | Identified the +4 dragonskin cloak
 57411 | Zot:3    | Noticed Tiamat
 57441 | Zot:3    | Killed Tiamat
 57611 | Zot:3    | Reached skill level 7 in Earth Magic
 57655 | Zot:3    | Found a runed translucent gate.
 57655 | Zot:3    | Found a runed translucent gate.
 57656 | Zot:3    | Found a runed translucent gate.
 57657 | Zot:3    | Noticed Sebriys's ghost (legendary TrBe)
 57742 | Zot:3    | Reached skill level 5 in Necromancy
 57742 | Zot:3    | Reached skill level 7 in Transmutations
 57785 | Zot:3    | Identified the cursed +1 battleaxe "Idgheola" {flame, rN++
                  | Str-3 Dex+7} (You found it on level 3 of the Realm of Zot)
 57800 | Zot:3    | Identified the Grimoire of the Birds and Poison
 58584 | Zot:4    | Reached skill level 7 in Spellcasting
 59070 | Zot:5    | Entered Level 5 of the Realm of Zot
 59071 | Zot:5    | Noticed an orb of fire
 59071 | Zot:5    | Noticed an orb of fire
 59071 | Zot:5    | Noticed an ancient lich
 59073 | Zot:5    | Noticed an orb of fire
 59074 | Zot:5    | Gained mutation: You are dopey. (Int -2) [an orb of fire]
 59074 | Zot:5    | Noticed an ancient lich
 59079 | Zot:5    | Noticed an orb of fire
 59081 | Zot:5    | Gained mutation: You do not regenerate when monsters are
                  | visible. [an orb of fire]
 59082 | Zot:5    | Noticed an orb of fire
 59086 | Zot:5    | Noticed an orb of fire
 59087 | Zot:5    | Noticed an ancient lich
 59094 | Zot:5    | Gained mutation: You are weak. (Str -2) [an orb of fire]
 59096 | Zot:5    | Noticed an ancient lich
 59099 | Zot:5    | Gained mutation: You are very dopey. (Int -4) [an orb of
                  | fire]
 59101 | Zot:5    | Gained mutation: You are frail. (-10% HP) [an orb of fire]
 59137 | Zot:5    | Killed an ancient lich
 59138 | Zot:5    | Reached skill level 17 in Throwing
 59141 | Zot:5    | Reached skill level 6 in Necromancy
 59377 | Zot:3    | Lost mutation: You are very dopey. (Int -4) [potion of
                  | mutation]
 59377 | Zot:3    | Lost mutation: You are frail. (-10% HP) [potion of
                  | mutation]
 59377 | Zot:3    | Gained mutation: You are agile. (Dex +2) [potion of
                  | mutation]
 59377 | Zot:3    | Gained mutation: You are very agile. (Dex +4) [potion of
                  | mutation]
 59377 | Zot:3    | Gained mutation: You are covered in fur. (AC +1) [potion of
                  | mutation]
 59377 | Zot:3    | Gained mutation: You are partially covered in thin metallic
                  | scales. (AC +2) [potion of mutation]
 59545 | Zot:5    | Gained mutation: Your spells are a little easier to cast,
                  | but a little less powerful. [an orb of fire]
 59546 | Zot:5    | Gained mutation: You are frail. (-10% HP) [an orb of fire]
 59560 | Zot:5    | Killed an orb of fire
 59638 | Zot:5    | Killed an ancient lich
 59639 | Zot:5    | Reached skill level 19 in Fighting
 59639 | Zot:5    | Reached skill level 8 in Earth Magic
 59651 | Zot:5    | Gained mutation: You tend to lose your temper in combat.
                  | [an orb of fire]
 59659 | Zot:5    | Lost mutation: You are very agile. (Dex +4) [an orb of
                  | fire]
 59666 | Zot:5    | Gained mutation: Your body sometimes deteriorates upon
                  | taking damage. [an orb of fire]
 59678 | Zot:4    | Gained mutation: You often lose your temper in combat. [an
                  | orb of fire]
 59682 | Zot:4    | Gained mutation: You can exhale a cloud of poison. [an orb
                  | of fire]
 59693 | Zot:4    | Gained mutation: Your magical capacity is low. (-10% MP)
                  | [an orb of fire]
 59694 | Zot:4    | Killed an orb of fire
 59695 | Zot:4    | Reached skill level 8 in Transmutations
 59695 | Zot:4    | Reached skill level 18 in Evocations
 60037 | Zot:5    | Lost mutation: You are agile. (Dex +2) [an orb of fire]
 60042 | Zot:5    | Gained mutation: You are clumsy. (Dex -2) [an orb of fire]
 60046 | Zot:4    | Killed an orb of fire
 60050 | Zot:4    | Gained mutation: You are very weak. (Str -4) [an orb of
                  | fire]
 60053 | Zot:4    | Killed an orb of fire
 60055 | Zot:4    | Killed an orb of fire
 60410 | Lair:1   | Lost mutation: You are frail. (-10% HP) [potion of
                  | mutation]
 60410 | Lair:1   | Lost mutation: Your body sometimes deteriorates upon taking
                  | damage. [potion of mutation]
 60410 | Lair:1   | Gained mutation: You are frail. (-10% HP) [potion of
                  | mutation]
 60410 | Lair:1   | Lost mutation: Your spells are a little easier to cast, but
                  | a little less powerful. [potion of mutation]
 60411 | Lair:1   | Lost mutation: You are very weak. (Str -4) [potion of
                  | mutation]
 60411 | Lair:1   | Lost mutation: You are clumsy. (Dex -2) [potion of
                  | mutation]
 60411 | Lair:1   | Lost mutation: You are weak. (Str -2) [potion of mutation]
 60411 | Lair:1   | Lost mutation: You are covered in fur. (AC +1) [potion of
                  | mutation]
 60411 | Lair:1   | Gained mutation: You are very dopey. (Int -4) [potion of
                  | mutation]
 60411 | Lair:1   | Gained mutation: You are partially covered in molten
                  | scales. (AC +2) [potion of mutation]
 60412 | Lair:1   | Lost mutation: You often lose your temper in combat.
                  | [potion of mutation]
 60412 | Lair:1   | Lost mutation: You tend to lose your temper in combat.
                  | [potion of mutation]
 60412 | Lair:1   | Lost mutation: You are frail. (-10% HP) [potion of
                  | mutation]
 60412 | Lair:1   | Gained mutation: You are agile. (Dex +2) [potion of
                  | mutation]
 60515 | Slime:1  | Entered Level 1 of the Pits of Slime
 60901 | Slime:3  | Reached skill level 8 in Spellcasting
 60970 | Slime:3  | Reached skill level 13 in Shields
 61247 | Slime:5  | Entered Level 5 of the Pits of Slime
 61316 | Slime:5  | Noticed the Royal Jelly
 61317 | Slime:5  | Found a viscous altar of Jiyva.
 61325 | Slime:5  | Reached skill level 7 in Necromancy
 61328 | Slime:5  | Killed the Royal Jelly
 61523 | Slime:5  | Got a scintillating tin ring
 61524 | Slime:5  | Identified the ring "Duony" {*Contam +Inv rElec Will+
                  | Str+6} (You found it on level 5 of the Pits of Slime)
 61527 | Slime:5  | Identified the +2 pair of boots of the Dice {Slay+3} (You
                  | found it on level 5 of the Pits of Slime)
 61547 | Slime:5  | Identified the cursed +0 pair of boots of Gluttony {rC+
                  | Int+4} (You found it on level 5 of the Pits of Slime)
 61549 | Slime:5  | Got a scintillating ivory ring
 61550 | Slime:5  | Identified the ring "Dempidd" {rElec rC+ Will+} (You found
                  | it on level 5 of the Pits of Slime)
 61615 | Slime:5  | Identified the +9 arbalest of Amorality {freeze, +Blink
                  | rElec Str+6} (You found it on level 5 of the Pits of Slime)
 61617 | Slime:5  | Got a slimy rune of Zot
 61623 | Slime:5  | Reached skill level 17 in Dodging
 61947 | Orc:2    | Bought a translucent plate armour for 924 gold pieces
 61947 | Orc:2    | Identified the +3 plate armour of the New World {Int+4}
                  | (You bought it in a shop on level 2 of the Orcish Mines)
 62128 | Elf:2    | Bought a potion of resistance for 170 gold pieces
 62128 | Elf:2    | Bought a scroll of vulnerability for 127 gold pieces
 62128 | Elf:2    | Bought a potion of curing for 51 gold pieces
 62132 | Elf:2    | Bought a +0 crystal plate armour for 1040 gold pieces
 62661 | Zot:5    | Gained mutation: Your magical capacity is very low. (-20%
                  | MP) [an orb of fire]
 62662 | Zot:5    | Gained mutation: You tend to lose your temper in combat.
                  | [an orb of fire]
 62663 | Zot:5    | Gained mutation: You are frail. (-10% HP) [an orb of fire]
 62666 | Zot:5    | Gained mutation: You are weak. (Str -2) [an orb of fire]
 62671 | Zot:5    | Killed an orb of fire
 62814 | Zot:5    | Killed an ancient lich
 62815 | Zot:5    | Reached skill level 18 in Dodging
 62868 | Zot:5    | Lost mutation: You can exhale a cloud of poison. [potion of
                  | mutation]
 62868 | Zot:5    | Lost mutation: You are frail. (-10% HP) [potion of
                  | mutation]
 62868 | Zot:5    | Lost mutation: Your magical capacity is very low. (-20% MP)
                  | [potion of mutation]
 62868 | Zot:5    | Lost mutation: You are partially covered in thin metallic
                  | scales. (AC +2) [potion of mutation]
 62868 | Zot:5    | Lost mutation: You are weak. (Str -2) [potion of mutation]
 62869 | Zot:5    | Lost mutation: You tend to lose your temper in combat.
                  | [potion of mutation]
 62869 | Zot:5    | Lost mutation: You are very dopey. (Int -4) [potion of
                  | mutation]
 62869 | Zot:5    | Gained mutation: You can exhale a cloud of poison. [potion
                  | of mutation]
 62882 | Zot:5    | Killed an ancient lich
 63405 | Zig:1    | Entered Level 1 of a ziggurat
 63422 | Zig:2    | Entered Level 2 of a ziggurat
 63422 | Zig:2    | Noticed Oxiwkiv the pandemonium lord
 63434 | Zig:2    | Killed Oxiwkiv the pandemonium lord
 63457 | Zig:3    | Entered Level 3 of a ziggurat
 63457 | Zig:3    | Noticed a juggernaut
 63474 | Zig:3    | Killed a juggernaut
 63475 | Zig:3    | Reached skill level 19 in Dodging
 63487 | Zig:4    | Entered Level 4 of a ziggurat
 63515 | Zig:5    | Entered Level 5 of a ziggurat
 63596 | Zig:6    | Entered Level 6 of a ziggurat
 63638 | Zig:7    | Entered Level 7 of a ziggurat
 63652 | Zig:7    | Reached skill level 20 in Dodging
 63671 | Zig:7    | Identified the Grimoire of Companions
 63695 | Zig:8    | Entered Level 8 of a ziggurat
 63748 | Zig:8    | Identified the amulet of Maommiso {RegenMP rF- rC+++ rN+
                  | Int+2} (You found it on level 8 of a ziggurat)
 63797 | Zig:9    | Entered Level 9 of a ziggurat
 63810 | Zig:9    | Found the +7 pair of quick blades "Gyre" and "Gimble"
                  | {protect}
 63865 | Zig:9    | Identified the ring of the Doge {rF+ rN+ Will+ Int+6} (You
                  | found it on level 9 of a ziggurat)
 64631 | Hell     | Entered the Vestibule of Hell
 64631 | Hell     | Noticed Geryon
 64957 | Zot:5    | Got the Orb of Zot
 65162 | Depths:4 | Reached skill level 9 in Earth Magic
 65205 | Depths:2 | Reached skill level 9 in Transmutations
 65574 | D:9      | Reached skill level 8 in Necromancy
 65636 | D:6      | Noticed Iroleymi the pandemonium lord
 65657 | D:5      | Killed Iroleymi the pandemonium lord
 65763 | D:$      | Escaped with the Orb!

Illustrated notes

Levels and vault maps discovered:
D:1:      mrwooster_arrival_statue, layout_rooms, lemuel_flame_loot_1
D:2:      layout_loops_ring, nemelex_dance_club_becter
D:3:      layout_basic, elyvilon_altar_5
D:4:      layout_gridville, uniq_duvessa, uniq_grinder
D:5:      layout_gridville, serial_shops, shop, uniq_ijyb
D:6:      layout_rooms, minitemple, temple_hall, nicolae_water_bricks,
          grunt_decor_one_mirror, grunt_gozag_statues, uniq_maggie
D:7:      layout_loops_ring, st_stairs_14, amcnicky_altar_lugonu_corruption,
          uniq_crazy_yiuf_cottage
D:8:      layout_basic, nicolae_transmutations_shop, grunt_decor_cap
D:9:      layout_loops_ring, david_lair_generic, enter_bailey_3, serial_undead,
          serial_undead_f, serial_undead_d, serial_undead_f, serial_undead_b,
          serial_undead_d, serial_undead_a, hive_lemuel
D:10:     minmay_skewed_foursquare, layout_rooms
D:11:     layout_loops_corners, david_orc_2, uniq_maurice
D:12:     layout_long_grid, eino_house_with_fridge, uniq_nergalle
D:13:     layout_irregular_city, david_vaults_2, gauntlet_entry_generic
D:14:     layout_stronghold, grunt_decor_arrowhead, grunt_ministairs_7,
          uniq_louise
D:15:     gammafunk_depths_entry_grave, layout_layer_cave,
          portal_ice_cave_entry_pillars_1, hangedman_abyss_or_decor_stabs,
          minivault_15, jiyva_altar_1
Temple:   eino_temple_scatter_basement
Lair:1:   layout_cave_pods
Lair:2:   wad_woods_minihive, layout_regular_city,
          chequers_serial_rivers_micro_b, beast_lair_carwin_2
Lair:3:   layout_cave_pods, spider_nest_entry_web_field,
          infiniplex_staircase_pool, uniq_rupert
Lair:4:   cheibrodos_lair_overgrown_chateau, layout_small_grid,
          minmay_shoals_entry_beasts, bobbens_ice_dragon_lair, lemuel_fruit_tree
Lair:5:   layout_roguey, minmay_slime_entry_pillars, grunt_megastairs_5,
          minmay_lair_oklob_chamber, serial_bayou_shore_a
Lair:6:   due_jungle_book, layout_regular_city
Shoals:1: layout_shoals, uniq_aizul, uniq_roxanne
Shoals:2: layout_shoals, serial_shops, nicolae_shop_behind_doors,
          nicolae_shop_temple_entry_statues_fountains, shop, shop,
          hangedman_shoal_volcano, uniq_ilsuiw
Shoals:3: layout_shoals, nicolae_shoals_seven_spires, uniq_polyphemus
Shoals:4: shoals_end_grunt_garden, layout_shoals, shoal_ilsuiw
Spider:1: layout_spider_delve, drop_trap, hangedman_spider_tarantella_strand
Spider:2: layout_spider_delve, nicolae_spider_webbed_stairs
Spider:3: layout_spider_delve, uniq_jorgrun, uniq_arachne
Spider:4: grunt_spider_rune_circles
Slime:1:  layout_caves
Slime:2:  layout_caves
Slime:3:  layout_caves
Slime:4:  layout_caves, nicolae_slime_barrier
Slime:5
Orc:1:    layout_diamond_mine, special_room [special_room_orc],
          nicolae_volcano_entry_batcave
Orc:2:    st_orc_pillars, layout_diamond_mine, basic_altar, uniq_donald
Elf:1:    layout_onion_city, evilmike_minifort
Elf:2:    layout_geoelf_diagonals, serial_shops, shop,
          wad_floor_pattern_untrapped, minmay_shop_star, uniq_azrael
Elf:3:    nooodl_elf_gasket, layout_loops_cross
Vaults:1: biasface_vaults_ghost_orc_armoury, ontoclasm_vaults_ring_small,
          v_pattern_1, v_misc_29, ontoclasm_vaults_eye, vaults_dpeg_hooks,
          v_misc_10, grunt_vaults_bifocal, vaults_dpeg_diagonal,
          vaults_room_stairs_pillars, ontoclasm_vaults_twist,
          nicolae_vaults_puzzle_piece, vaults_standard_mumra_lines,
          layout_vaults_maze
Vaults:2: nicolae_vaults_network_star, nicolae_vaults_what_the_h, v_misc_11,
          ontoclasm_vaults_spin, grunt_vaults_trifunnel,
          hangedman_vaults_capsules, nicolae_vaults_back_hallway,
          grunt_vaults_hallway_short, vaults_room_hallway,
          vaults_room_ringed_pool, nicolae_vaults_statue_guard,
          layout_vaults_omnicross, blue_anna_dwarven_crypt
Vaults:3: emtedronai_trogs_sanctum, hangedman_vaults_nails,
          nicolae_vaults_ring_of_whatevers, layout_vaults_omnigrid,
          uniq_margery, uniq_sojobo
Vaults:4: dpeg_vaults_waves, v_rooms_6, v_misc_14, vaults_room_large_hall,
          hangedman_vaults_stretched_pinwheel, nicolae_vaults_three_branches,
          nicolae_vaults_mini_display_case, hangedman_vaults_snaps,
          nicolae_vaults_little_squares_1, nicolae_vaults_alarming,
          nicolae_vaults_network_square, ontoclasm_vaults_ligature,
          layout_vaults_chaotic_city, uniq_boris
Vaults:5: serial_shops, uniq_frederick
Crypt:1:  layout_gridlike, grunt_ministairs_13, uniq_bai_suzhen, uniq_khufu
Crypt:2:  gammafunk_sealed_arena, layout_misc_corridors, grunt_ministairs_14,
          uniq_jory
Crypt:3:  lightli_unholy_cathedral, layout_chaotic_city,
          tomb_entry_forgotten_bobbens, grunt_megastairs_1, uniq_xtahua
Depths:1: layout_big_octagon, serial_shops, nicolae_shop_trees, shop,
          minmay_misc_feat_secret_circle, hell_entry,
          minmay_misc_feat_four_crosses, minmay_misc_feat_rows,
          wad_rectangle_vault, serial_bayou_shore_b
Depths:2: minmay_angry_zag, layout_cave_pools, hangedman_geh_valley,
          hangedman_decor_riveting, minmay_staircase_bubble,
          serial_bayou_shore_b, firewood_loft, uniq_saint_roka
Depths:3: evilmike_negative_zone, layout_cave_shapes, nicolae_twisting_strands,
          hell_entry, rand_demon_pan_entry_7, serial_shops,
          nicolae_shop_temple_entry_statues_fountains, kennysheep_little_box,
          shop, minmay_shop_grove, infiniplex_staircase_split_hallway
Depths:4: box_level_dp, hell_entry, pan_entry, abyss_entry
Depths:5: grunt_zot_entry_bicorn, layout_cave_pools, enter_ziggurat_d,
          serial_shops, shop_fountains, grunt_mini_vestibule, ashenzari_altar_1,
          minivault_16
Hell
Zot:1:    layout_onion_interference, nicolae_lava_and_water,
          st_single_dragon_hoard_4
Zot:2:    layout_cellular_growth
Zot:3:    layout_concentric_octagons, ebering_ghost_rock_garden,
          st_grand_hoard_of_tiamat
Zot:4:    layout_onion_interference, hangedman_spider_trapstep, lemuel_elevator
Zot:5:    layout_misc_corridors

Skill      XL: |  1  2  3  4  5  6  7  8  9 10 11 12 13 14 15 16 17 18 19 20 21 22 23 24 25 26 27 |
---------------+----------------------------------------------------------------------------------+-----
Axes           | 3 4 5 6 7 8 10 11 12 15 16 17 18 | 18.0
Invocations    | 1 2 3 4 5 6 8 9 10 11 12 13 14 15 16 17 18 19 20 | 20.0
Armour         | 1 2 3 5 6 7 8 10 11 12 13 14 15 16 17 | 17.7
Fighting       | 4 5 7 8 9 10 11 12 13 14 15 16 17 19 | 19.6
Shields        | 1 3 4 5 6 7 8 9 10 13 | 13.3
Long Blades    | 4 |  4.3
Dodging        | 3 4 5 6 7 8 9 10 11 12 13 14 20 | 20.5
Throwing       | 1 4 6 7 8 9 10 11 12 13 17 | 17.6
Evocations     | 4 6 8 9 10 11 12 13 18 | 18.6
Translocations | 2 5 6 7 9 10 | 10.5
Stealth        | 9 12 14 17 18 20 | 20.4
Spellcasting   | 2 4 8 |  8.9
Transmutations | 3 5 9 |  9.3
Earth Magic    | 3 5 9 |  9.3
Necromancy     | 8 |  8.0

Action                   |  1- 3 |  4- 6 |  7- 9 | 10-12 | 13-15 | 16-18 | 19-21 | 22-24 | 25-27 || total
-------------------------+-------+-------+-------+-------+-------+-------+-------+-------+-------++-------
Melee: Hand axe          |    32 |   158 |   517 |   547 |       |       |       |       |       ||  1254
       Unarmed           |       |    16 |    27 |    17 |       |       |       |       |       ||    60
       War axe           |       |       |       |   405 |   115 |     9 |   264 |     8 |       ||   801
       Broad axe         |       |       |       |       |   421 |  1002 |   961 |  1015 |  3464 ||  6863
       Constrict         |       |       |       |       |   149 |   212 |   247 |   195 |   456 ||  1259
Throw: Boomerang         |       |       |       |       |     7 |    79 |    36 |     1 |     8 ||   131
       Javelin           |       |       |       |       |       |       |       |       |    66 ||    66
 Cast: Blink             |       |       |       |       |       |       |       |       |     8 ||     8
       Passwall          |       |       |       |       |       |       |       |       |     3 ||     3
Invok: Slouch            |       |       |       |     4 |     4 |     4 |     3 |     6 |    10 ||    31
       Temporal Distorti |       |       |       |     1 |       |       |     1 |     2 |       ||     4
 Abil: Spit Poison       |    14 |    22 |    41 |    86 |     1 |       |     1 |       |       ||   165
       Evoke Flight      |       |       |       |       |       |       |     4 |       |     1 ||     5
Evoke: Wand              |       |     4 |     2 |     9 |    10 |       |       |     1 |     3 ||    29
  Use: Scroll            |       |     5 |     5 |    11 |    14 |    13 |    14 |     4 |    45 ||   111
       Potion            |       |     1 |     1 |     6 |     5 |       |       |       |    17 ||    30
 Stab: Sleeping          |       |    11 |     9 |     3 |       |       |       |       |     1 ||    24
       Distracted        |       |       |     2 |       |       |       |       |     1 |     3 ||     6
       Petrified         |       |       |       |       |       |    12 |    13 |       |       ||    25
       Petrifying        |       |       |       |       |       |     4 |     9 |       |       ||    13
Armor: Leather armour    |    10 |    22 |       |       |       |       |       |       |       ||    32
       Scale mail        |       |    14 |    17 |       |       |       |       |       |       ||    31
       Skin              |       |    14 |    17 |     2 |       |       |       |       |       ||    33
       Ring mail         |       |       |   226 |   153 |       |       |       |       |       ||   379
       Gold dragon scale |       |       |       |   477 |   426 |   928 |   625 |   500 |  1416 ||  4372
Dodge: Dodged            |    27 |    66 |   212 |   124 |   103 |   529 |   941 |   905 |  3083 ||  5990
       Repelled          |       |       |       |       |       |       |    25 |    14 |    94 ||   133
Block: Buckler           |       |       |    36 |    63 |       |       |       |       |       ||    99
       Kite shield       |       |       |       |   434 |   416 |   847 |   880 |   852 |  3218 ||  6647
       Reflection        |       |       |       |       |     3 |    30 |    95 |    60 |     7 ||   195
